 Dungeon Crawl Stone Soup version 0.17-a0-124-gc3c9679 (console) character file.

439 Kellhus the Slasher (level 6, -5/47 HPs)
             Began as a Mummy Chaos Knight on Mar 22, 2015.
             Killed from afar by Dowan (16 damage)
             ... with a wand of flame
             ... on level 4 of the Dungeon.
             The game lasted 00:06:36 (3671 turns).

Kellhus the Slasher (Mummy Chaos Knight)            Turns: 3671, Time: 00:06:36

Health: -5/47      AC:  9    Str: 17    XL:     6   Next: 70%
Magic:  6/6        EV: 11    Int: 11    God:    Xom [..*...]
Gold:   94         SH:  0    Dex: 11    Spells: 0 memorised, 5 levels left

rFire  x . .     SeeInvis .     b - +0 blowgun
rCold  + . .     Clarity  .     s - +2 leather armour
rNeg   + + +     SustAb   .     (no shield)
rPois  ∞         Gourm    .     o - +0 helmet
rElec  .         Spirit   .     (no cloak)
rCorr  .         Warding  .     l - +2 pair of gloves
rMut   .         Stasis   .     (no boots)
MR     .....                    (no amulet)
Stlth  +.........               (no ring)
                                (no ring)

@: not resistant to hostile enchantments, very unstealthy
A: no food or potions, fire vulnerability, restore body, cold resistance 1,
negative energy resistance 3, poison resistance, torment resistance, unbreathing
a: Renounce Religion


You were on level 4 of the Dungeon.
You worshipped Xom.
You were a toy of Xom.
You were not hungry.

You visited 1 branch of the dungeon, and saw 4 of its levels.

You collected 94 gold pieces.

Inventory:

Hand weapons
 a - a +0 falchion
 b - a +0 blowgun (weapon)
 j - a +0 short sword of protection
 m - a +0 falchion of chaos
 r - a +0 short sword of protection
Missiles
 t - 4 curare-tipped needles (quivered)
 u - 38 poisoned needles
Armour
 g - a +0 pair of gloves
 l - a +2 pair of gloves (worn)
 o - a +0 helmet (worn)
 s - a +2 leather armour (worn)
Magical devices
 n - a wand of teleportation (2)
Scrolls
 c - 2 scrolls of noise {unknown}
 d - a scroll of blinking {unknown}
 e - 3 scrolls of remove curse {unknown}
 f - a scroll of random uselessness {unknown}
 h - 2 scrolls of fog {unknown}
 i - 2 scrolls of teleportation {unknown}
 k - a scroll of enchant weapon {unknown}
 p - a scroll of fear {unknown}
 q - a scroll of identify {unknown}


   Skills:
 - Level 3.0 Fighting
 + Level 6.3 Long Blades
 - Level 1.5 Armour
 - Level 0.7 Dodging


You had 5 spell levels left.
You didn't know any spells.

Dungeon Overview and Level Annotations

Branches:
Dungeon (4/15)
 Temple: D:4-7

Altars:
Elyvilon
Xom

Annotations:
D:3 aerikr's ghost, average HOFi
D:4 Dowan


Innate Abilities, Weirdness & Mutations

You do not eat or drink.
Your flesh is vulnerable to fire.
Your flesh is cold resistant.
You are immune to negative energy.
Your system is resistant to poisons.
You are immune to unholy pain and torment.
You can survive without breathing.


Message History

You shoot a curare-tipped needle.
The curare-tipped needle closely misses Dowan.
Duvessa hits you but does no damage.
Dowan casts a spell.
Dowan blinks!
Firing (i - inventory. (,) - cycle):
t - 5 curare-tipped needles (quivered)
Press: ? - help, Shift-Dir - straight line, f/p - Dowan
Aim: Dowan, wielding a dagger, wearing a runed robe and carrying a wand of flame {zapped: 3} You shoot a curare-tipped needle.
The curare-tipped needle hits Dowan.
Dowan is poisoned.
Dowan convulses.
Dowan seems to slow down.
Dowan is moderately wounded.
Duvessa hits you but does no damage.
You kill Duvessa!
Dowan screams, "No!
Oh no!"
Dowan seems to find hidden reserves of power!
Dowan zaps a wand.
The puff of flame hits you! The fire burns you terribly!
* * * LOW HITPOINT WARNING * * *
You see here 17 stones.
Dowan zaps a wand.
The puff of flame hits you! The fire burns you terribly!
You die...

........##..#.#..
..................
#...................
#................:..
.#..........(.(((.#
##...............
#....)..........
#...(...........
####@........(.
#.............
#.[.######.e.
#...'....#..
#...###)##
#........#
+........##..#
#........#<..#
#....#+#.#...#


You could see Dowan.

Vanquished Creatures
  A centaur (D:3)
  An ogre (D:4)
  Duvessa (D:4)
  A quasit (D:4)
  Robin (D:3)
  2 adders (D:2)
  3 gnolls (D:4)
  A shadow imp (D:3)
  2 worms (D:2)
  A giant gecko (D:1)
  An ooze (D:1)
  An orc (D:3)
  3 giant cockroaches (D:1)
  19 goblins
  10 hobgoblins
  3 jackals (D:2)
  7 quokkas
  12 bats
  A giant newt (D:2)
  5 kobolds
  10 rats
86 creatures vanquished.

Notes
Turn   | Place    | Note
--------------------------------------------------------------
     0 | D:1      | Kellhus, the Mummy Chaos Knight, began the quest for the Orb.
     0 | D:1      | Reached XP level 1. HP: 18/18 MP: 1/1
    39 | D:1      | XOM: harmless Trmt miscast
   243 | D:1      | Reached XP level 2. HP: 24/24 MP: 2/2
   437 | D:1      | XOM: harmless Chrm miscast
   791 | D:1      | Reached XP level 3. HP: 29/29 MP: 3/3
   862 | D:1      | XOM: harmless Ice miscast
   880 | D:1      | XOM: divination: detect creatures
  1117 | D:2      | XOM: harmless Ice miscast
  1685 | D:2      | XOM: vitrification
  1802 | D:2      | XOM: mild Chrm miscast
  1806 | D:3      | Noticed aerikr's ghost (average HOFi)
  1824 | D:2      | Reached skill level 4 in Long Blades
  1849 | D:2      | Reached XP level 4. HP: 26/35 MP: 4/4
  2120 | D:3      | XOM: mild Ice miscast
  2155 | D:2      | XOM: mild Conj miscast
  2173 | D:3      | XOM: scenery: create altars
  2181 | D:3      | Noticed a centaur
  2184 | D:3      | XOM: enchant monster (good)
  2192 | D:3      | XOM: enchant monster (good)
  2218 | D:3      | Killed a centaur
  2218 | D:3      | Reached skill level 5 in Long Blades
  2218 | D:3      | Reached XP level 5. HP: 25/41 MP: 5/5
  2231 | D:3      | XOM: divination: magic mapping
  2264 | D:3      | XOM: harmless Erth miscast
  2388 | D:3      | Found a white marble altar of Elyvilon.
  2473 | D:3      | Noticed Robin
  2503 | D:3      | Killed Robin
  2621 | D:3      | XOM: potion effect (invisibility)
  2633 | D:3      | XOM: potion effect (heal wounds)
  2640 | D:3      | XOM: divination: detect creatures
  2668 | D:3      | XOM: potion effect (heal wounds)
  2671 | D:3      | XOM: enchant monster (good)
  2769 | D:4      | XOM: harmless Hex miscast
  2860 | D:4      | XOM: divination: detect items
  2891 | D:4      | XOM: silly message
  2941 | D:4      | Reached XP level 6. HP: 36/47 MP: 6/6
  2943 | D:4      | XOM: harmless Conj miscast
  3347 | D:1      | XOM: harmless Tloc miscast
  3595 | D:4      | Noticed an ogre
  3623 | D:4      | Killed an ogre
  3623 | D:4      | Reached skill level 6 in Long Blades
  3646 | D:4      | Noticed Duvessa
  3659 | D:4      | Noticed Dowan
  3670 | D:4      | Killed Duvessa
  3671 | D:4      | Killed from afar by Dowan

Action                   |  1- 3 |  4- 6 || total
-------------------------+-------+-------++-------
Melee: Falchion          |   133 |    66 ||   199
       Short sword       |    21 |   195 ||   216
 Fire: Blowgun           |       |    13 ||    13
 Stab: Petrifying        |     1 |       ||     1
       Distracted        |     1 |       ||     1
       Petrified         |       |     3 ||     3
       Invisible         |       |     9 ||     9
